 Dungeon Crawl Stone Soup version 0.21.1-1-g345015f (webtiles) character file.

126 sking99 the Covert (level 4, 15/19 HPs)
             Began as a Felid Enchanter on June 26, 2018.
             Was an Elder of Ru.
             Quit the game on level 6 of the Dungeon.
             The game lasted 00:36:17 (8350 turns).

sking99 the Covert (Felid Enchanter)                Turns: 8350, Time: 00:36:18

Health: 15/19      AC:  2    Str:  4    XL:     4   Next: 84%
Magic:  7/9        EV: 22    Int: 19    God:    Ru [****..]
Gold:   273        SH:  0    Dex: 16    Spells: 0/9 levels left
                                        Lives:  0   Deaths: 2

rFire    . . .     SeeInvis +     - Unarmed
rCold    . . .     Gourm    .   (shield unavailable)
rNeg     . . .     Faith    .   (armour unavailable)
rPois    .         Spirit   .   (helmet unavailable)
rElec    .         Reflect  .   (cloak unavailable)
rCorr    .         Harm     .   (gloves unavailable)
MR       .....                  (boots unavailable)
Stlth    +++++.....             (no amulet)
HPRegen  0.06/turn              (no ring)
MPRegen  0.11/turn              (no ring)

@: quick
A: very small, no armour, no weapons or thrown items, stealth, claws 1, fangs 3,
see invisible, carnivore, speed 1, shaggy fur 2, slow metabolism 1, inability to
use devices, inexperienced 1, sharp paws
a: Draw Out Power, Power Leap, Renounce Religion


You were on level 6 of the Dungeon.
You worshipped Ru.
Ru was greatly pleased with you.
You were not hungry.

You visited 2 branches of the dungeon, and saw 7 of its levels.
You also visited: Ossuary.

You collected 273 gold pieces.

Inventory:

Jewellery
 k - an uncursed amulet of harm
Scrolls
 c - 3 scrolls of immolation
 d - 2 scrolls of remove curse
 f - 2 scrolls of magic mapping
 l - 5 scrolls of identify {unknown}
 n - 2 scrolls of teleportation
 q - a scroll of enchant weapon {unknown}
Potions
 e - a potion of cancellation
 g - a potion of might
 h - a potion of resistance {unknown}
 i - a potion of degeneration {unknown}
 j - 4 potions of curing
 m - 2 potions of heal wounds {unknown}
 o - a potion of ambrosia {unknown}
 p - a potion of brilliance {unknown}
Books
 a - a book of Maledictions

   Spells                             Type                      Level
   a - Corona                         Hexes                        1
   b - Ensorcelled Hibernation        Hexes/Ice                    2
   c - Confuse                        Hexes                        3
   d - Tukima's Dance                 Hexes                        3
   e - Dazzling Spray                 Conjuration/Hexes            3
Comestibles
 b - 13 rations


   Skills:
 + Level 2.1 Fighting
 * Level 6.5 Dodging
 - Level 10.0 Stealth
 + Level 3.6 Unarmed Combat
 - Level 3.0 Spellcasting
 - Level 6.2 Hexes
 - Level 2.0 Ice Magic


You couldn't memorise any spells.
You knew the following spells:

 Your Spells              Type           Power        Failure   Level  Hunger
a - Ensorcelled Hibernat  Hex/Ice        ###...       4%          2    ##.....
b - Corona                Hex            ####...      1%          1    None
c - Confuse               Hex            ####....     3%          3    ###....
d - Tukima's Dance        Hex            ####....     3%          3    ###....


Dungeon Overview and Level Annotations

Branches:
Dungeon (6/15)             Temple (1/1) D:5

Altars:
Ashenzari
Cheibriados
Dithmenos
Elyvilon
Gozag
Hepliaklqana
Kikubaaqudgha
Okawaru
Qazlal
Ru
Sif Muna
Trog
Uskayaw
Vehumet
Yredelemnul
Zin
The Shining One

Shops:
D:5 [


Innate Abilities, Weirdness & Mutations

You cannot wear armour.
You are incapable of wielding weapons or throwing items.
Your paws allow you to move quietly. (Stealth)
You have sharp claws.
You have razor-sharp teeth.
You have supernaturally acute eyesight. (SInv)
You are carnivorous and can eat meat at any time.
You cover ground quickly.
You are covered in thick fur. (AC +2)
You have a slow metabolism.
You cannot study or use magical devices.
You are somewhat inexperienced. (-2 XL)
Your sharp claws are effective at attacking unaware monsters.


Message History

Press: ? - help, Shift-Dir - straight line, f - hobgoblin zombie
Aim: a hobgoblin zombie (chance to defeat MR: 71%)
The hobgoblin zombie appears confused.
An iron imp comes into view.
Found a glowing golden altar of the Shining One.
You claw the hobgoblin zombie!
The hobgoblin zombie is severely damaged.
You scratch the hobgoblin zombie but do no damage.
The hobgoblin zombie is severely damaged.
The iron imp shouts!
You catch the helpless hobgoblin zombie completely off-guard!
You mangle the hobgoblin zombie!!
You destroy the hobgoblin zombie!
The iron imp hits you.
Found a scroll of remove curse.
Found a spear.
A worker ant zombie comes into view.
A kobold skeleton comes into view.
Found a scroll of teleportation.
Are you sure you want to abandon this character and quit the game? (Confirm with "yes".)

......#.Z#.#.##
...##...........#
#.......##Z....##.
#.####...+.Z_.....
#..#Z5..(.#
#/...Z.Z..#
#..####+.#.# #
#..#.##.####.?#
#...Z....@....#
#.............#
..Z.......#....###
.............####
.....?.....###
...........#
)..........#
...........#


You could see a hobgoblin zombie.

Vanquished Creatures
  A slime creature (D:5)
  A hungry ghost (D:2)
  An ogre (D:5)
  6 big kobolds
  An orc priest (D:6)
  5 jellies (D:5)
  A hound (D:4)
  A centaur skeleton (D:4)
  Ijyb (D:4)
  3 worker ants
  A hound skeleton (D:4)
  A worker ant zombie (D:5)
  3 adders
  5 oozes
  2 worms
  2 dart slugs
  2 leopard geckos
  7 orcs (D:3)
  5 giant cockroaches
  A gnoll zombie (D:4)
  7 goblins
  9 hobgoblins
  9 jackals
  A quokka (D:2)
  11 bats
  4 frilled lizards
  A hobgoblin zombie (D:6)
  7 kobolds
  5 rats
  A fungus (D:5)
105 creatures vanquished.

Vanquished Creatures (collateral kills)
  An orc (D:2)
1 creature vanquished.

Vanquished Creatures (others)
  A phantom (D:4)
  5 fungi (D:5)
  10 toadstools (D:5)
16 creatures vanquished.

Grand Total: 122 creatures vanquished

Notes
Turn   | Place    | Note
-------+----------+-------------------------------------------
     0 | D:1      | sking99 the Felid Enchanter began the quest for the Orb.
     0 | D:1      | Reached XP level 1. HP: 7/7 MP: 4/4
   685 | D:1      | Reached XP level 2. HP: 8/11 MP: 3/6
   805 | D:1      | Learned a level 2 spell: Ensorcelled Hibernation
  1724 | D:1      | Reached XP level 3. HP: 14/14 MP: 4/7
  1960 | D:1      | Reached skill level 5 in Hexes
  2342 | D:2      | Noticed a hungry ghost
  2577 | D:1      | Learned a level 3 spell: Confuse
  2653 | D:2      | Killed a hungry ghost
  2653 | D:2      | Reached skill level 5 in Stealth
  2653 | D:2      | Reached skill level 1 in Ice Magic
  2653 | D:2      | Reached XP level 4. HP: 12/18 MP: 1/9
  2653 | D:2      | Reached XP level 5. HP: 14/21 MP: 1/10
  2847 | D:2      | Found an opulent altar of Gozag.
  2847 | D:2      | Found a sacrificial altar of Ru.
  2866 | D:2      | Became a worshipper of Ru the Awakened
  3293 | D:2      | Learned a level 3 spell: Tukima's Dance
  4031 | D:3      | Found a radiant altar of Vehumet.
  4063 | D:3      | Gained mutation: You cannot study or use magical devices. [Ru sacrifice]
  4063 | D:3      | Reached * piety under Ru
  4063 | D:3      | Reached ** piety under Ru
  4302 | D:3      | Found a snail-covered altar of Cheibriados.
  4376 | D:3      | Found a deep blue altar of Sif Muna.
  4581 | D:4      | Reached skill level 6 in Stealth
  4671 | D:4      | Found a sand-covered staircase.
  4765 | Ossuary  | Entered an ossuary
  4843 | D:4      | Gained mutation: You are covered in thick fur. (AC +2) [Felid growth]
  4843 | D:4      | Reached XP level 6. HP: 24/24 MP: 8/11
  5172 | D:4      | Reached skill level 7 in Stealth
  5372 | D:4      | Noticed Ijyb
  5382 | D:4      | Killed Ijyb
  5886 | D:4      | Reached skill level 8 in Stealth
  5996 | D:5      | Entered Level 5 of the Dungeon
  5997 | D:5      | Found a staircase to the Ecumenical Temple.
  6031 | D:5      | Reached skill level 9 in Stealth
  6031 | D:5      | Reached XP level 7. HP: 21/27 MP: 4/12
  6251 | D:5      | Found the +3 crown of Dyrovepreva {rElec Int+2 SInv}
  6288 | D:5      | Found Apezuorch's Armour Emporium.
  6650 | Temple   | Entered the Ecumenical Temple
  7434 | D:5      | Reached skill level 5 in Dodging
  7605 | D:5      | Noticed a slime creature
  7606 | D:5      | Noticed a slime creature
  7606 | D:5      | Noticed a slime creature
  7613 | D:5      | Reached skill level 1 in Fighting
  7613 | D:5      | Reached XP level 8. HP: 32/32 MP: 9/13
  7738 | D:5      | Slain by a large slime creature
  7739 | D:5      | Reached XP level 7. HP: -2/28 MP: 4/12
  7919 | D:5      | Killed a slime creature
  7919 | D:5      | Reached skill level 10 in Stealth
  8213 | D:5      | Gained mutation: You are somewhat inexperienced. (-2 XL) [Ru sacrifice]
  8213 | D:5      | Reached XP level 6. HP: 26/26 MP: 11/11
  8213 | D:5      | Reached XP level 5. HP: 22/22 MP: 10/10
  8213 | D:5      | Reached *** piety under Ru
  8213 | D:5      | Reached **** piety under Ru
  8331 | D:6      | Killed from afar by an orc priest
  8332 | D:6      | Reached XP level 4. HP: -2/19 MP: 5/9
  8334 | D:6      | Found a glowing golden altar of the Shining One.
  8350 | D:6      | Quit the game

Skill      XL: |  1  2  3  4  5  6  7 |
---------------+----------------------+-----
Hexes          | 6 |  6.2
Stealth        | 5 6 9 10 | 10.0
Ice Magic      | 1 2 |  2.0
Spellcasting   | 3 |  3.0
Dodging        | 6 |  6.5
Unarmed Combat | 3 |  3.6
Fighting       | 2 |  2.1

Action                   |  1- 3 |  4- 6 |  7- 9 || total
-------------------------+-------+-------+-------++-------
Melee: Unarmed           |   112 |   130 |    78 ||   320
       Bite              |     6 |     7 |     7 ||    20
       Punch             |       |     1 |       ||     1
 Cast: Corona            |    10 |       |       ||    10
       Ensorcelled Hiber |    31 |    35 |    40 ||   106
       Confuse           |     4 |    13 |    14 ||    31
       Tukima's Dance    |       |     2 |     1 ||     3
Invok: Power Leap        |       |     1 |       ||     1
       Sacrifice Artific |       |     1 |       ||     1
       Sacrifice Experie |       |     1 |       ||     1
  Use: Scroll            |       |     6 |       ||     6
       Potion            |       |     3 |       ||     3
 Stab: Sleeping          |    23 |    45 |    24 ||    92
       Confused          |     3 |     6 |     8 ||    17
       Distracted        |       |     1 |     1 ||     2
  Eat: Chunk             |    13 |    19 |     2 ||    34
Armor: Skin              |    10 |     4 |     1 ||    15
Dodge: Dodged            |   119 |    65 |    63 ||   247
